 Dungeon Sprint DCSS version 0.13-a0-2995-g9a84c3d (webtiles) character file.

1100000 Kalaz the Sensei (level 14, -3/143 HPs)
             Began as a Minotaur Monk on Sept 8, 2013.
             Slain by a meat berserker
             ... wielding a +9,+9 battleaxe
              (49 damage)
             ... in the Dungeon (Sprint VIII: "Arena of Blood").
             The game lasted 00:01:45 (11 turns).

Kalaz the Sensei (Minotaur Monk)                      Turns: 11, Time: 00:01:45

HP  -3/143       AC  2     Str 16      XL: 14   Next: 27%
MP   4/4         EV 31     Int  7      God:
Gold 0           SH  0     Dex 18      Spells:  0 memorised, 13 levels left

Res.Fire  : . . .   See Invis. : .   i - +∞ Axe of Woe
Res.Cold  : . . .   Warding    : .   a - +0 robe
Life Prot.: . . .   Conserve   : .   (no shield)
Res.Poison: .       Res.Corr.  : .   (helmet restricted)
Res.Elec. : .       Clarity    : .   (no cloak)
Sust.Abil.: . .     Spirit.Shd : .   (no gloves)
Res.Mut.  : .       Prev.Telep.: +   (no boots)
Res.Rott. : .       Flight     : .   (no amulet)
Saprovore : . . .                    (no ring)
                                     (no ring)

@: somewhat resistant to hostile enchantments, fairly stealthy
A: retaliatory headbutt, horns 2
a: no special abilities


You were in the Dungeon.
You were not hungry.

You visited 1 branch

Inventory:

Hand weapons
 i - the +∞,+∞ Axe of Woe (weapon)
   (You found it in the Dungeon)
Armour
 a - a +0 robe (worn)
Comestibles
 b - a bread ration
Scrolls
 h - a scroll of blinking
Potions
 c - a potion of curing
 d - a potion of heal wounds
 e - a potion of speed
 f - 2 potions of magic
 g - a potion of berserk rage


   Skills:
 * Level 24.1 Fighting
 * Level 22.7 Dodging
 - Level 1.5 Stealth
 + Level 24.7 Unarmed Combat


You had 13 spell levels left.
You didn't know any spells.

Dungeon Overview and Level Annotations

Branches:
Dungeon (1/1)

Altars:
Makhleb


Innate Abilities, Weirdness & Mutations

You reflexively headbutt those who attack you in melee.
You have a pair of horns on your head.


Message History

Your Dodging skill gained 2 levels and is now at level 20!
Your Unarmed Combat skill gained 2 levels and is now at level 22!
You have reached level 13!
You hew the bag of meat savagely.
You kill the bag of meat!
Your Fighting skill gained 2 levels and is now at level 23!
Your Dodging skill increases to level 21!
Your Unarmed Combat skill increases to level 23!
You hear a shout!
The bag of meat hits you with a +9,+9 war axe!
You hear a shout!
You slaughter the bag of meat joyfully.
You kill the bag of meat!
Your Fighting skill increases to level 24!
Your Dodging skill increases to level 22!
Your Unarmed Combat skill increases to level 24!
You have reached level 14!
You hear a shout!
The meat berserker hits you with a +9,+9 battleaxe!
You die...

#.. ..# #.. ..#
.###.. ..###.
......###......
....._.....
#.....# . #_.<._#
.
.....#..)).#.....
......o)@Oo......
.......###....o..
.###.. ..###. #..
..# #. .# .. .. .
.


You could see a meat berserker (berserk) and 3 bags of meat.

Vanquished Creatures
  An ogre (D)
  4 orcs (D)
5 creatures vanquished.

Notes
Turn   | Place    | Note
--------------------------------------------------------------
     0 | D        | Kalaz, the Minotaur Monk, began the quest for the Orb.
     0 | D        | Reached XP level 1. HP: 17/17 MP: 0/0
     3 | D        | Noticed a bag of meat
     3 | D        | Noticed a bag of meat
     4 | D        | Noticed a bag of meat
     6 | D        | Noticed a meat berserker
     9 | D        | Noticed a bag of meat
     9 | D        | Noticed a bag of meat
     9 | D        | Noticed a bag of meat
     9 | D        | Killed a bag of meat
     9 | D        | Reached skill level 18 in Fighting
     9 | D        | Reached XP level 2. HP: 25/28 MP: 0/0
     9 | D        | Reached XP level 3. HP: 32/36 MP: 1/1
     9 | D        | Reached XP level 4. HP: 40/46 MP: 1/1
     9 | D        | Reached XP level 5. HP: 46/53 MP: 1/1
     9 | D        | Reached XP level 6. HP: 53/62 MP: 2/2
     9 | D        | Reached XP level 7. HP: 59/70 MP: 2/2
     9 | D        | Reached XP level 8. HP: 67/80 MP: 2/2
     9 | D        | Reached XP level 9. HP: 73/88 MP: 3/3
     9 | D        | Reached XP level 10. HP: 79/96 MP: 3/3
     9 | D        | Reached XP level 11. HP: 85/104 MP: 3/3
    10 | D        | Noticed a meat berserker
    10 | D        | Killed a bag of meat
    10 | D        | Reached skill level 20 in Fighting
    10 | D        | Reached XP level 12. HP: 60/117 MP: 4/4
    10 | D        | Killed a meat berserker
    10 | D        | Reached skill level 21 in Fighting
    10 | D        | Reached skill level 22 in Unarmed Combat
    10 | D        | Reached XP level 13. HP: 64/128 MP: 4/4
    10 | D        | Killed a bag of meat
    10 | D        | Reached skill level 23 in Fighting
    11 | D        | Killed a bag of meat
    11 | D        | Reached skill level 24 in Fighting
    11 | D        | Reached XP level 14. HP: 46/143 MP: 4/4
    11 | D        | Slain by a meat berserker

Action                   |  1- 3 |  4- 6 |  7- 9 | 10-12 | 13-15 || total
-------------------------+-------+-------+-------+-------+-------++-------
Melee: Executioner's axe |     1 |       |       |     1 |     1 ||     3
